Unix xNetHack Version 7.1.0 - last build Jul 19 2022 04:02:08 (a8c4666137c2c631a57c77f6261166d76d9e3895). Game began 2022-07-20 13:00:40, ended 2022-07-20 13:13:40. Raisse, neutral female gnomish Wizard ---------------- |..........G...| |..$.......p[{.| #............=..| #--------.--+---- #### -----#-.-.- |(.(|#|...| |....#....| |.._|#|...| --.-- --|-- ### ### --.-- --.-- |..*| |.... |...+ ....| ..... |...| |..<+ --.-- ----- Raisse the Conjurer St:9 Dx:10 Co:16 In:19 Wi:11 Ch:10 Neutral Dlvl:5 $:0 HP:0(30) Pw:48(48) AC:4 Xp:4/115 T:2191 Fainted Deaf Latest messages: You drop an uncursed flute {5}. You drop a blessed black potion {20}. You drop 8 uncursed darts {8}. You drop an uncursed sky blue potion {20}. You drop 3 uncursed scrolls called identify {15}. You drop an uncursed gold wand {7}. You drop an uncursed steel ring {3}. You drop a blessed +1 quarterstaff {40}. You drop an uncursed brilliant blue potion {20}. You drop a blessed scroll called fish 300 {5}. You cannot drop something you are wearing. You cannot drop something you are wearing. You cannot drop something you are wearing. You drop a blessed scroll called juyed 100 {5}. You drop an uncursed scroll called abra 100 {5}. You drop 2 uncursed scrolls called ashpd 200 {10}. You cannot drop something you are wearing. You drop an uncursed copper whistle called pea {3}. You drop an uncursed zinc wand {7}. You drop a cursed topaz ring {3}. You drop an uncursed emerald potion {20}. You drop an uncursed cyan potion {20}. You drop an uncursed murky potion {20}. You drop a blessed smoky potion {20}. You drop 10 uncursed stones called flint {20}. You drop 2 uncursed unlabeled scrolls {10}. You drop an uncursed black onyx ring {3}. That was all. You can hear again. What do you want to take off? [BCH or ?*] [ You don't have that object. What do you want to take off? [BCH or ?*] Never mind. What kinds of thing do you want to take off? [[ UXai] [a You were wearing an uncursed +0 cloak of magic resistance {10}. You stop disrobing. You faint from lack of food. You regain consciousness. You can hear again. The rock piercer bites! What kinds of thing do you want to drop? [[ UXai] a You cannot drop something you are wearing. You cannot drop something you are wearing. You drop an uncursed +0 cloak of magic resistance {10}. You cannot drop something you are wearing. That was all. You faint from lack of food. The rock piercer bites! You die... Do you want your possessions identified? [ynq] (y) q Major events: Turn 1: Raisse the neutral female gnomish Wizard entered the dungeon 1051: read a Discworld novel 1051: attained the rank of Conjurer (level 3) 2191: killed by a rock piercer, while fainted from lack of food Inventory: Inventory: 121/675 weight (3/52 slots) Armor A - an uncursed +0 mithril elven ring mail (being worn) {88} B - an uncursed +0 pair of plastic low boots (being worn) {10} H - an uncursed +0 orcish helm (being worn) {23} Raisse the Wizard's attributes: Background: You were a Conjurer, a level 4 female gnomish Wizard. You were neutral, on a mission for Thoth who was opposed by Ptah (lawful) and Anhur (chaotic). You were bisexual. You were in the Dungeons of Doom, on level 5. You entered the dungeon 2191 turns ago. You had 115 experience points, 45 more were needed to attain level 5. Basics: You had 0 out of 30 hit points. You had all 48 energy points (spell power). Your armor class was 4. Your wallet was empty. Autopickup was on for '$!?/"=+' plus thrown, with exceptions. Final Characteristics: Your strength was 9 (base:10, limit:18/50). Your dexterity was 10 (limit:18). Your constitution was 16 (limit:18). Your intelligence was 19 (limit:19). Your wisdom was 11 (limit:18). Your charisma was 10 (limit:18). Final Status: You were deaf. You were fainted due to starvation. You were unencumbered. You were bare handed. You were unskilled in bare handed combat. Final Attributes: You were piously aligned. You had infravision. You were guarded. You were unlucky. You are dead. Miscellaneous: You never encountered a bones level. Total elapsed playing time was 13 minutes. Vanquished creatures: a paper golem a werejackal an iguana a hobbit a giant rat a yellow mold 3 jackals 5 goblins a sewer rat a grid bug a bat 3 lichens a kobold zombie 6 newts 27 creatures vanquished. No species were genocided or became extinct. Voluntary challenges: You read items or engraved 2 times. You never genocided any monsters. You never polymorphed an object. You never changed form. You never touched an artifact. You used no wishes. You never scared an enemy with impunity. You were celibate. You never generated conflict. Achievements: You entered a shop. You read from a Discworld novel. You attained the rank of Conjurer. The Dungeons of Doom: levels 1 to 5 Level 1: An altar, some fountains. Level 2: A scroll shop. Level 3: Level 4: Level 5: "spb" <- You were here. An altar, a fountain. Final resting place for you, killed by a rock piercer, while fainted from lack of food. Game over: __________ / \ / REST \ / IN \ / PEACE \ / \ | Raisse | | 0 Au | | killed by a rock | | piercer | | | | | | 2022 | *| * * * | * _________)/\\_//(\/(/\)/\//\/|_)_______ Goodbye Raisse the Wizard... You died in The Dungeons of Doom on dungeon level 5 with 660 points, and 0 pieces of gold, after 2191 moves. You were level 4 with a maximum of 30 hit points when you died.